Map: Ruins of Seras

Players

Miltreta

  • Race: Terran Terran

A.I. 1 (Medium) - Winner!

  • Race: Terran Terran

VOD

Have the link to the VOD?

Description

Time

  • Played on: March 2, 2016, 7:46 a.m.
  • Length: 20:04
Show
View Real Time Build Order
Export as new Build Order

Miltreta Terran 

Build Orders:  

Get SALT Encoding   

  12  0:03  SCV  
  13  0:15  SCV  
  14  0:31  Supply Depot  
  14  0:41  Supply Depot  
  14  0:51  Supply Depot  
  14  0:55  Refinery, SCV  
  15  1:07  SCV  
  15  1:09  Barracks  
  16  1:21  SCV  
  17  1:33  SCV  
  18  1:48  Engineering Bay  
  18  1:50  Barracks  
  18  2:11  SCV  
  19  2:18  Refinery  
  19  2:23  SCV  
  19  2:27  Marine  
  21  2:35  SCV  
  22  2:45  Marine  
  22  2:48  Marine  
  23  3:03  Marine  
  24  3:06  Marine  
  25  3:18  SCV  
  26  3:21  Marine  
  26  3:24  Marine  
  28  3:28  Bunker  
  28  3:30  SCV  
  29  3:38  Marine, Terran Infantry Weapons Level 1  
  29  3:40  Command Center  
  30  3:41  Marine  
  31  3:54  Planetary Fortress  
  31  3:56  Reaper  
  31  3:59  Marine  
  33  5:07  Factory  
  33  5:48  Barracks Reactor  
  33  5:50  Reaper  
  33  5:55  Hellion  
  36  6:17  Hellion  
  38  6:22  Reaper  
  38  6:25  Reaper x2  
  41  6:38  Hellion  
  43  6:44  SCV  
  44  6:47  Starport  
  44  6:54  Reaper  
  44  6:56  SCV  
  44  6:57  Reaper x2  
  44  6:59  Hellion  
  44  7:00  Refinery  
  50  7:09  SCV  
  50  7:13  Refinery  
  51  7:21  Hellion, SCV  
  54  7:31  Supply Depot  
  54  7:36  Supply Depot  
  54  7:47  Missile Turret  
  54  7:52  Reaper x3, SCV  
  58  8:09  SCV  
  59  8:24  Reaper x3  
  54  8:56  Marine  
  54  9:01  Hellion  
  57  9:14  Marine  
  58  9:23  Hellion  
  60  9:32  Marine  
  53  9:50  Marine  
  50  10:04  Widow Mine  
  50  10:09  Barracks Tech Lab  
  50  10:32  Widow Mine  
  26  12:11  Liberator  
  29  12:33  Marauder  
  31  12:50  SCV  
  32  12:54  Liberator  
  32  12:55  Marauder  
  34  13:00  Marine x2  
  34  13:02  SCV  
  37  13:09  Factory Tech Lab  
  37  13:11  Terran Infantry Armor Level 1  
  40  13:16  Marauder  
  40  13:18  Marine x2  
  44  13:21  Engineering Bay  
  44  13:36  Marine x2  
  44  13:37  Marauder, Liberator  
  48  13:54  Marine x2  
  53  13:59  Marauder  
  55  14:11  Siege Tank  
  58  14:20  Marauder, Concussive Shells  
  60  14:37  Medivac  
  62  14:41  Marauder  
  62  14:43  Siege Tank  
  67  14:56  Command Center  
  67  15:03  Marauder  
  69  15:14  Supply Depot  
  63  15:37  Marauder, Medivac  
  63  15:38  Cyclone  
  26  16:07  Viking  
  21  16:35  Refinery  
  21  16:37  Refinery, Viking  
  23  16:40  Siege Tank  
  23  16:43  Marauder  
  23  16:45  Reaper x2  
  27  17:00  Command Center  
  27  17:04  Marauder  
  29  17:12  Siege Tank  
  32  17:17  Reaper x2  
  32  17:21  Orbital Command  
  34  17:26  Marauder  
  34  17:28  Starport Tech Lab  
  36  17:44  Siege Tank  
  36  17:47  Marauder, Armory  
  36  17:49  Reaper x2  
  43  18:09  Marauder  
  41  18:21  Reaper x2  
  43  18:30  Marauder  
  45  18:51  Marauder  
  31  19:13  Marauder  
  14  19:34  Marauder  
Show
View Real Time Build Order
Export as new Build Order

A.I. 1 (Medium) Terran - Winner!

Build Orders:  

Get SALT Encoding   

  12  0:00  SCV  
  13  0:13  SCV  
  14  0:19  Supply Depot  
  14  0:25  SCV  
  15  0:41  SCV  
  16  0:45  Barracks  
  16  0:53  SCV  
  17  1:05  SCV  
  18  1:19  Command Center  
  18  1:32  Marine  
  19  1:35  Orbital Command  
  19  1:41  Supply Depot  
  19  1:49  Refinery  
  19  1:50  Marine  
  20  2:01  SCV  
  20  2:04  Barracks  
  21  2:11  Refinery  
  21  2:14  SCV  
  22  2:23  Barracks Tech Lab  
  22  2:26  SCV  
  23  2:38  SCV  
  23  2:41  Marine  
  25  2:52  Refinery  
  25  2:58  Refinery  
  25  2:59  Marauder  
  25  3:03  SCV  
  28  3:06  SCV  
  28  3:09  Barracks Tech Lab  
  29  3:15  SCV  
  30  3:20  Reaper, SCV  
  32  3:27  SCV  
  32  3:31  Marauder  
  32  3:32  SCV  
  32  3:33  Factory  
  36  3:43  Factory  
  36  3:53  Marauder  
  38  4:00  Supply Depot  
  38  4:02  Marine  
  39  4:08  SCV  
  40  4:12  SCV  
  41  4:18  Reaper, Factory Tech Lab  
  41  4:21  SCV  
  43  4:24  SCV  
  43  4:26  Factory Tech Lab  
  44  4:31  Supply Depot  
  44  4:33  SCV  
  44  4:34  Marine  
  44  4:36  SCV  
  47  4:45  SCV  
  48  4:50  Marine, SCV  
  50  4:57  SCV, Supply Depot  
  51  5:02  SCV  
  51  5:05  Marine  
  53  5:09  SCV  
  54  5:18  SCV  
  54  5:21  Marine, SCV, Supply Depot  
  57  5:30  SCV  
  57  5:33  SCV  
  59  5:37  Reaper  
  60  5:42  SCV  
  60  5:44  Starport  
  62  5:50  SCV, Supply Depot  
  62  5:53  Reaper  
  62  5:55  SCV  
  64  6:02  Engineering Bay  
  64  6:08  Siege Tank  
  67  6:12  SCV  
  67  6:15  SCV, Supply Depot  
  69  6:23  Starport Tech Lab  
  69  6:24  SCV, Cyclone  
  73  6:27  SCV  
  73  6:29  Missile Turret  
  73  6:30  Missile Turret  
  73  6:32  Missile Turret  
  74  6:33  Missile Turret  
  74  6:36  SCV  
  74  6:37  Armory  
  74  6:38  Supply Depot  
  74  6:39  SCV  
  76  6:40  Siege Tank  
  76  6:42  Sensor Tower  
  76  6:43  Raven  
  76  6:44  Barracks  
  81  6:50  Bunker  
  81  7:26  Viking  
  83  7:32  Barracks Reactor  
  83  7:56  Raven  
  84  9:37  Medivac  
  84  9:38  Marauder, Combat Shields  
  87  9:39  Terran Infantry Weapons Level 1, Stimpack  
  87  9:42  Starport  
  87  9:43  Marine  
  87  9:44  Supply Depot  
  86  9:49  Ghost Academy  
  86  9:50  Marine  
  87  9:57  Marine  
  88  10:03  Marine  
  89  10:07  Medivac  
  89  10:09  Supply Depot  
  89  10:10  Marauder  
  89  10:13  Fusion Core  
  93  10:16  Engineering Bay  
  93  10:17  Armory  
  93  10:18  Command Center, Starport Reactor  
  93  10:21  Marauder  
  95  10:31  Marauder  
  97  10:37  Raven  
  97  10:41  Terran Infantry Armor Level 1  
  99  10:43  Marauder  
  101  10:52  Ghost  
  101  10:56  Reaper  
  102  10:57  Concussive Shells  
  102  11:11  Marine  
  102  11:18  Marine  
  95  11:24  Marine  
  92  11:31  Reaper  
  92  11:32  SCV  
  88  11:35  SCV  
  88  11:37  SCV  
  88  11:38  Marine  
  87  11:42  Refinery  
  87  11:44  Marine, Missile Turret  
  87  11:46  Missile Turret  
  85  11:48  Refinery  
  85  11:50  Marine  
  86  11:57  Marine  
  87  12:04  Marauder, SCV  
  90  12:09  Bunker  
  90  12:11  Marauder, SCV  
  93  12:16  Marine  
  94  12:25  Marauder  
  96  12:30  Siege Tank  
  99  13:02  Command Center  
  99  14:28  Refinery  
  99  14:30  Missile Turret  
  99  14:31  Widow Mine, Missile Turret  
  99  14:32  Refinery, Terran Infantry Armor Level 2, Terran Infantry Weapons Level 2  
  99  14:33  Marine, Terran Vehicle Weapons Level 1, Terran Ship Weapons Level 1  
  99  14:35  Marine  
  99  14:38  Marine  
  104  14:40  Marine  
  104  14:43  Siege Tank  
  108  14:51  Marine  
  108  14:52  Bunker  
  109  14:53  Marine  
  109  14:55  Marine  
  109  14:58  Marine  
  109  14:59  Widow Mine  
  114  15:09  Marine  
  114  15:11  Marine  
  114  15:13  Marine  
  117  15:38  Marine  
  117  15:41  Marine  
  113  15:43  Marine  
  113  15:45  Marine  
  113  15:48  Siege Tank  
  110  15:57  Marauder  
  110  15:59  Marine  
  110  16:01  Marine  
  110  16:03  Marine  
  100  16:16  Marine  
  100  16:18  Marauder  
  100  16:19  Marine  
  100  16:21  Marine  
  99  16:27  Terran Vehicle And Ship Armor Level 1  
  99  16:29  Terran Vehicle Weapons Level 2  
  99  16:35  Marauder  
  99  16:36  Marine  
  99  16:39  Marine  
  105  16:40  Marauder  
  105  16:50  Terran Infantry Armor Level 3, Terran Infantry Weapons Level 3  
  105  16:56  Marauder  
  109  17:01  Marauder  
  109  17:50  Command Center  
  109  18:00  Ghost  
  109  18:03  Ghost  
  113  18:28  Ghost  
  113  18:32  Ghost  
  114  18:57  Ghost  
  114  19:00  Ghost  
  114  19:01  Marine  
  111  19:03  Refinery  
  111  19:05  Marine  
  102  19:15  Missile Turret  
  100  19:17  Refinery  
  100  19:19  Marine  
  100  19:20  Missile Turret  
  100  19:23  Marine  
  100  19:25  Marine  
  100  19:29  Marine  
  102  19:37  Marine  
  101  19:40  Bunker  
  101  19:41  Marine  
  101  19:43  Marine  
Tags
 
Add a new tag
Caveats
  • Supply blocks, unpowered buildings, or Contaminate may cause inaccurate times.
  • Supply counts are checked every 10 seconds.